 Dungeon Crawl Stone Soup version 0.30-a0-591-g3c58d2bc28 (webtiles) character file.

Game seed: 2028746651288217383

100 Newt the Trooper (level 4, -3/37 HPs)
             Began as a Demonspawn Gladiator on Jan 5, 2023.
             Slain by a gnoll
             ... wielding a +0 halberd
              (11 damage)
             ... on level 2 of the Dungeon.
             The game lasted 00:02:14 (2322 turns).

Newt the Trooper (Demonspawn Gladiator)             Turns: 2322, Time: 00:02:14

Health: -3/37      AC:  2    Str: 17    XL:     4   Next: 47%
Magic:  4/4        EV: 17    Int:  9    God:
Gold:   103        SH:  0    Dex: 14    Spells: 3/3 levels left

rFire   . . .      SeeInvis .    l - +1 short sword (drain)
rCold   . . .      Faith    .    (no shield)
rNeg    . . .      Spirit   .    n - +0 robe of Baitun {Stlth+}
rPois   .          Reflect  .    (helmet restricted)
rElec   .          Harm     .    (no cloak)
rCorr   .          Rampage  .    (no gloves)
Will    .....                    (no boots)
Stlth   +++                      (no amulet)
HPRegen 0.26/turn                (no ring)
MPRegen 0.09/turn                (no ring)

@: agile
A: horns 1, foul stench 1, powered by pain 1
a: no special abilities


You were on level 2 of the Dungeon.
You visited 1 branch of the dungeon, and saw 3 of its levels.

You collected 103 gold pieces.

Inventory:

Hand Weapons
 a - a +0 rapier
 l - a +1 short sword of draining (weapon)
Missiles
 d - 2 throwing nets (quivered)
 e - a javelin
 g - 3 boomerangs
 m - 27 stones
Armour
 b - a +0 leather armour
 c - a +0 helmet
 n - the +0 robe of Baitun (worn) {Stlth+}
   (You found it on level 2 of the Dungeon)

   Stlth:     It makes you more stealthy.
Jewellery
 f - a ring of fire
 h - a ring of ice
Scrolls
 i - 2 scrolls of fog {unknown}
 j - 2 scrolls of teleportation {unknown}
 q - a scroll of identify {unknown}
 r - a scroll of magic mapping {unknown}
Potions
 k - 2 potions of mutation {unknown}
 o - 2 potions of curing {unknown}
 p - a potion of attraction {unknown}


   Skills:
 - Level 4.0 Fighting
 - Level 2.6 Short Blades
 - Level 1.7 Throwing
 - Level 2.6 Dodging
 + Level 2.3 Stealth


You had 3 spell levels left.
You didn't know any spells.
Your spell library was empty.

Dungeon Overview and Level Annotations

Branches:
Dungeon (3/15)

Altars:


Innate Abilities, Weirdness & Mutations

You have a pair of small horns on your head.
You may rarely emit foul miasma when damaged in melee.
You sometimes gain a little power by taking damage.


Message History

Found a whip.
The gnoll shouts!
The hobgoblin shouts!
The gnoll shouts!
You hear a shout!
The gnoll barely misses you.
There is a stone staircase leading up here.
You see here a metallic clear potion.
The gnoll misses you. x2
You see here a metallic clear potion.
A gnoll comes into view. It is wielding a +0 club.
The gnoll barely misses you. The gnoll hits you with a +0 halberd.
There is a stone staircase leading up here.
The gnoll barely misses you. x2
You climb upwards.
There is a stone staircase leading down here.
The gnoll attacks as you move away! The gnoll hits you with a +0 halberd!
The gnoll closely misses you.
The gnoll hits you from afar with a +0 halberd!
* * * LOW HITPOINT WARNING * * *
You focus on the pain.
You feel agile all of a sudden. The gnoll attacks as you move away!
The gnoll completely misses you. The gnoll misses you.
Throw: 3 throwing nets
Press: ? - help, Q - select action, (/) - cycle Shift-Dir - straight line, f - gnoll
Aim: a gnoll, wielding a +0 halberd and quivering a throwing net (64% to hit)
You throw a throwing net.
The throwing net barely misses the gnoll.
The throwing net hits the gnoll.
The gnoll is caught in the net!
The gnoll struggles against the net.
The gnoll hits you but does no damage.
The gnoll struggles against the net.
You closely miss the gnoll. The gnoll closely misses you.
The gnoll struggles against the net.
You hit the gnoll but do no damage. You drain the gnoll.
The gnoll is moderately wounded.
The gnoll hits you with a +0 halberd.
* * * LOW HITPOINT WARNING * * *
The gnoll struggles against the net.
You hit the gnoll. Your headbutt misses the gnoll.
The gnoll is moderately wounded.
The gnoll hits you with a +0 halberd!
You die...

#. ########### #.
#...#.....# #.
#...#.....# #.
#######...#.....# #.
#.....#...#.....###.
#.###.....'.......#.
#.#####...#.....#.##
#..@g.g##########...
#..###.....# ####
#....#.###.#########
#######.#.#.#
#.........#
#.#.....#.#.#
#######....
####.#.#####.#.# #....
#....#.#####.#.# #....
#.##.........#.##
#....
#.##......####..######
#....


You could see 2 gnolls.

Vanquished Creatures
  An orc wizard (D:1)
  2 adders (D:2)
  2 worms
  4 orcs
  7 ball pythons
  4 bats
  3 endoplasms (D:1)
  2 giant cockroaches
  3 goblins (D:1)
  2 hobgoblins
  3 quokkas
  4 frilled lizards
  5 kobolds
  3 rats
45 creatures vanquished.

Notes
Turn   | Place    | Note
-------+----------+-------------------------------------------
     0 | D:1      | Newt the Demonspawn Gladiator began the quest for the Orb.
     0 | D:1      | Reached XP level 1. HP: 16/16 MP: 1/1
    82 | D:1      | Reached skill level 1 in Stealth
   374 | D:1      | Gained mutation: You sometimes gain a little power by
                  | taking damage. [demonic ancestry]
   374 | D:1      | Reached XP level 2. HP: 22/22 MP: 2/2
  1368 | D:2      | Gained mutation: You have a pair of small horns on your
                  | head. [demonic ancestry]
  1368 | D:2      | Reached XP level 3. HP: 22/25 MP: 3/3
  1386 | D:1      | Reached skill level 3 in Fighting
  1585 | D:2      | Identified the +0 robe of Baitun {Stlth+}
  1640 | D:2      | Gained mutation: You may rarely emit foul miasma when
                  | damaged in melee. [demonic ancestry]
  1640 | D:2      | Reached XP level 4. HP: 36/37 MP: 4/4
  1725 | D:2      | Found a faded altar of an unknown god.
  1758 | D:2      | Reached skill level 4 in Fighting
  2322 | D:2      | Slain by a gnoll

Illustrated notes

Levels and vault maps discovered:
D:1:      scummos_arrival_simple_crosswalls, layout_basic
D:2:      layout_basic, shapermc_ecumenical_altar_mp_vishouse
D:3:      layout_loops_ring, minmay_rat_hole

Skill      XL: |  1  2  3  4 |
---------------+-------------+-----
Stealth        | 1 2 |  2.3
Fighting       | 3 4 |  4.0
Short Blades   | |  2.6
Throwing       | |  1.7
Dodging        | |  2.6

Action                   |  1- 3 |  4- 6 || total
-------------------------+-------+-------++-------
Melee: Rapier            |    62 |       ||    62
       Punch             |     2 |     1 ||     3
       Short sword       |    46 |    28 ||    74
       Headbutt          |     5 |     4 ||     9
Throw: Throwing net      |     2 |     1 ||     3
  Use: Potion            |     2 |       ||     2
 Stab: Sleeping          |     3 |     6 ||     9
       Held in net/web   |     1 |       ||     1
Armor: Leather armour    |    39 |       ||    39
       Robe              |     2 |     2 ||     4
Dodge: Dodged            |    84 |    20 ||   104

Table legend: (Time is in decaauts)
 A = Elapsed time spent in this place.
 B = Non-inter-level travel time spent in this place.
 C = Inter-level travel time spent in this place.
 D = Time resting spent in this place.
 E = Time spent auto-exploring this place.
 F = Levels seen in this place.
 G = Mean time per level.
                   A        B        C        D        E       F      G
               +--------+--------+--------+--------+--------+-----+--------+
         Total |   2318 |   2265 |     53 |    305 |   1568 |   3 |  772.7 |
       Dungeon |   2318 |   2265 |     53 |    305 |   1568 |   3 |  772.7 |
               +--------+--------+--------+--------+--------+-----+--------+

Top non-repeatable levels by time:
     D:1: 1542 daAuts
     D:2: 768 daAuts
     D:3: 7 daAuts
